 Dungeon Crawl Stone Soup version 0.31.0-9-g3a7656b989 (webtiles) character file.

Game seed: 9523296621743112559

167 qw the Ducker (level 5, -4/25 HPs)
             Began as a Spriggan Hunter on Feb 2, 2024.
             Killed from afar by Sigmund (11 damage)
             ... with a puff of flame
             ... on level 3 of the Dungeon.
             The game lasted 00:00:07 (2017 turns).

qw the Ducker (Spriggan Hunter)                     Turns: 2017, Time: 00:00:08

Health: -4/25      AC:  2    Str:  7    XL:     5   Next: 23%
Magic:  6/6        EV: 28    Int: 11    God:
Gold:   153        SH:  0    Dex: 26    Spells: 4/4 levels left

rFire   . . .        a - +0 shortbow
rCold   . . .        (shield currently unavailable)
rNeg    . . .        c - +0 robe
rPois   .            (helmet restricted)
rElec   .            (no cloak)
rCorr   .            (gloves unavailable)
SInv    +            (boots unavailable)
Will    .....        (no amulet)
Stlth   ++           d - +5 ring of evasion
HPRegen 0.24/turn    e - +6 ring of dexterity
MPRegen 0.10/turn

%: no passive effects
@: about to teleport, hasted, very quick
A: very small, no large weapons, unfitting armour, see invisible, speed 3
a: no special abilities


You were on level 3 of the Dungeon.
You visited 1 branch of the dungeon, and saw 3 of its levels.

You collected 231 gold pieces.
You spent 78 gold pieces at shops.


Innate Abilities, Weirdness & Mutations

You are very small and have problems with some larger weapons.
You are too small for most types of armour.
You have supernaturally acute eyesight. (SInv)
You cover ground extremely quickly. (Speed+++)


   Skills:
 + Level 1.5 Fighting
 - Level 5.1 Ranged Weapons
 - Level 6.0 Dodging
 - Level 1.5 Stealth


You had 4 spell levels left.
You didn't know any spells.
Your spell library was empty.

Inventory:

Hand Weapons
 a - a +0 shortbow (weapon)
Armour
 c - a +0 robe (worn)
Jewellery
 d - a +5 ring of evasion (left hand)
 e - a +6 ring of dexterity (right hand)
 h - an amulet of reflection
Wands
 i - a wand of roots (5)
 j - a wand of digging (8)
 l - a wand of acid (9)
Potions
 b - a potion of berserk rage {unknown}
 f - 2 potions of haste
 k - a potion of heal wounds
 m - a potion of cancellation {unknown}

Dungeon Overview and Level Annotations

Branches:
Dungeon (3/15)

Altars:
Ashenzari
Ru
Xom
Zin
The Shining One

Shops:
D:1 ((?

Annotations:
D:3 Sigmund


Message History

You shoot an arrow. The arrow closely misses the jackal.
You shoot an arrow.
The arrow hits the jackal but does no damage.
The jackal completely misses you.
You shoot an arrow. The arrow hits the jackal!
You kill the jackal!
Your Dodging skill increases to level 6!
Found a war axe.
There is an open door here.
You see here a jackal corpse.
Found a glowing golden altar of the Shining One.
You see here a +0 war axe.
You open the door.
There is an open door here.
Found a flail.
You see here a +0 flail.
A giant cockroach comes into view.
Found 15 gold pieces.
You shoot an arrow. The arrow hits the giant cockroach!
You kill the giant cockroach!
You now have 145 gold pieces (gained 15).
You now have 153 gold pieces (gained 8).
Sigmund the Dreaded comes into view.
He is wielding a +0 scythe and carrying a wand of flame.
2012 ||| DRINKING 3 potions of haste.
You feel yourself speed up.
Sigmund zaps a wand.
The puff of flame hits you!
You shoot an arrow. The arrow closely misses Sigmund.
You shoot an arrow. The arrow hits Sigmund!
Sigmund is moderately wounded.
Sigmund zaps a wand.
The puff of flame misses you.
You shoot an arrow. The arrow closely misses Sigmund.
Sigmund casts a spell at you. The magic dart hits you!
2016 ||| READING scroll of teleportation.
As you read the scroll of teleportation, it crumbles to dust.
You feel strangely unstable.
You shoot an arrow. The arrow closely misses Sigmund.
Sigmund points at you and mumbles some strange words.
The puff of flame hits you!
You die...
Sigmund begins carving another notch in his scythe.

#.## #.# #.# #%##
...## # ....## #.
.....### #@###
.......# #...#
.......#########@#
......#..~~~~~..##
....)##.~.....~.####
....###.~.~~~.~.#..#
...## #.~~...~~.#..#
#'## #.~~._.~~.#..#
#.# #.~~...~~.#..#
#.# #.~.~~~.~.#..#
#.## #.~.....~.#..#


You could see Sigmund.

Vanquished Creatures
  Jessica (D:2)
  2 orc wizards (D:3)
  3 adders
  3 dart slugs
  3 ribbon worms (D:2)
  3 orcs
  3 endoplasms
  5 giant cockroaches
  5 goblins
  2 hobgoblins (D:1)
  2 jackals (D:3)
  5 ball pythons
  3 bats
  5 frilled lizards
  2 kobolds
  4 rats
51 creatures vanquished.

Notes
Turn   | Place    | Note
-------+----------+-------------------------------------------
     0 | D:1      | qw the Spriggan Hunter began the quest for the Orb.
     0 | D:1      | Reached XP level 1. HP: 10/10 MP: 2/2
     0 | D:1      | 0 ||| qw: Version: 0.3-a-155-g5e7d8dd
     0 | D:1      | 0 ||| qw: Game counter: 1084
     0 | D:1      | 0 ||| qw: Melee chars always use a shield: true
     0 | D:1      | 0 ||| qw: God list: Okawaru
     0 | D:1      | 0 ||| qw: Allow faded altars: false
     0 | D:1      | 0 ||| qw: Do Orc after clearing Dungeon:15 true
     0 | D:1      | 0 ||| qw: Do second Lair branch before Depths: true
     0 | D:1      | 0 ||| qw: Lair rune preference: random
     0 | D:1      | 0 ||| qw: Goals: Normal
     0 | D:1      | 0 ||| PLANNING D:1-11
    19 | D:1      | Reached skill level 3 in Dodging
   196 | D:1      | Reached XP level 2. HP: 14/14 MP: 3/3
   334 | D:1      | Found Vetepsol's Antique Weapon Shop.
   460 | D:1      | Found Galudu's Magic Scroll Boutique.
   465 | D:1      | 465 ||| BUYING scroll of identify (26 gold).
   465 | D:1      | Bought a scroll of identify for 26 gold pieces
   465 | D:1      | 465 ||| BUYING scroll of identify (26 gold).
   465 | D:1      | Bought a scroll of identify for 26 gold pieces
   465 | D:1      | 465 ||| BUYING scroll of identify (26 gold).
   465 | D:1      | Bought a scroll of identify for 26 gold pieces
   465 | D:1      | 465 ||| SHOPLISTING scroll of identify (26 gold, have 1).
   465 | D:1      | 465 ||| SHOPLISTING scroll of teleportation (39 gold, have
                  | 1).
   467 | D:1      | Reached skill level 4 in Dodging
   467 | D:1      | Found a faded altar of an unknown god.
   523 | D:1      | Found Qeosoc's Weapon Shop.
   635 | D:1      | 635 ||| UPGRADING to +5 ring of evasion.
   636 | D:1      | 636 ||| UPGRADING to +6 ring of dexterity.
   637 | D:1      | 637 ||| READING 3 scrolls of identify.
   637 | D:1      | 637 ||| IDENTIFYING 2 purple potions
   638 | D:1      | 638 ||| READING 2 scrolls of identify.
   638 | D:1      | 638 ||| IDENTIFYING scroll labelled VIYS DOMPILAESH
   639 | D:1      | 639 ||| READING scroll of identify.
   639 | D:1      | 639 ||| IDENTIFYING 2 scrolls labelled XIXIOX GOOQEU
   640 | D:1      | 640 ||| DROPPING scroll of butterflies.
   641 | D:1      | 641 ||| DROPPING scroll of amnesia.
   642 | D:1      | 642 ||| DROPPING 2 scrolls of silence.
   822 | D:2      | Reached XP level 3. HP: 18/18 MP: 4/4
   844 | D:2      | Noticed Jessica
   847 | D:2      | Killed Jessica
   848 | D:2      | Reached skill level 5 in Dodging
  1036 | D:2      | Reached XP level 4. HP: 22/22 MP: 5/5
  1367 | D:2      | 1367 ||| READING 2 scrolls of identify.
  1367 | D:2      | 1367 ||| IDENTIFYING coppery potion
  1368 | D:2      | 1368 ||| READING scroll of identify.
  1368 | D:2      | 1368 ||| IDENTIFYING scroll labelled NISYKO LYPT
  1369 | D:2      | 1369 ||| READING scroll labelled KERAUL CUELOUSK.
  1370 | D:2      | 1370 ||| READING scroll labelled PAOLIL UGURO.
  1372 | D:2      | 1372 ||| Stepping ~*~*~tactically~*~*~ (cloud).
  1474 | D:3      | 1474 ||| FLEEEEING.
  1475 | D:3      | 1475 ||| STAIRDANCE
  1509 | D:3      | 1509 ||| STAIRDANCE
  1518 | D:3      | 1518 ||| STAIRDANCE
  1580 | D:3      | Reached XP level 5. HP: 15/25 MP: 6/6
  1624 | D:3      | Found a sacrificial altar of Ru.
  1624 | D:3      | Found a shimmering altar of Xom.
  1626 | D:3      | Found a glowing silver altar of Zin.
  1627 | D:3      | Found a broken altar of Ashenzari.
  1932 | D:3      | Reached skill level 6 in Dodging
  1938 | D:3      | Found a glowing golden altar of the Shining One.
  2011 | D:3      | Noticed Sigmund
  2012 | D:3      | 2012 ||| DRINKING 3 potions of haste.
  2015 | D:3      | HP: 6/25 [Sigmund/magic dart (7)]
  2016 | D:3      | 2016 ||| READING scroll of teleportation.
  2017 | D:3      | Killed from afar by Sigmund

Levels and vault maps discovered:
D:1:      lemuel_arrival_hallway, layout_loops_ring,
          ebering_ecumenical_altar_sacrificial, serial_shops, shop, shop,
          nicolae_shop_advertising_works [nicolae_subvault_shop_adworks]
D:2:      layout_basic, uniq_jessica
D:3:      layout_loops_corners, mainiacjoe_overflow_paths,
          mainiacjoe_overflow_alcove_3, jmf_multi_god_temple, uniq_sigmund

Skill      XL: |  1  2  3  4  5 |
---------------+----------------+-----
Dodging        | 3 4 5 6 |  6.0
Ranged Weapons | 5 |  5.1
Fighting       | |  1.5
Stealth        | |  1.5

Action                     |  1- 3 |  4- 6 || total
---------------------------+-------+-------++-------
   Fire: Shortbow          |    82 |    74 ||   156
    Use: Scroll            |     3 |     5 ||     8
         Potion            |       |     1 ||     1
 Armour: Robe              |     5 |    12 ||    17
  Dodge: Dodged            |    23 |    23 ||    46

Table legend:
 A = Non-vault XP
 B = Vault XP
 C = Vault XP percentage of total XP
 D = Non-vault monster count
 E = Vault monster count
 F = Vault count percentage of total count
                 A         B        C        D         E       F
            +---------+---------+-------+---------+---------+-------
      Total |     202 |      37 |  15.5 |      50 |       1 |   2.0
            +---------+---------+-------+---------+---------+-------
        D:1 |      24 |       0 |   0.0 |      14 |       0 |   0.0
        D:2 |      75 |      37 |  33.0 |      23 |       1 |   4.2
        D:3 |     103 |       0 |   0.0 |      13 |       0 |   0.0
            +---------+---------+-------+---------+---------+-------
